 Dungeon Crawl Stone Soup version 0.28.0-53-g5a82cb258f (webtiles) character file.

Game seed: 8354353226765410669

111 firemarshallily the Charlatan (level 4, -2/34 HPs)
             Began as a Gnoll Wanderer on July 28, 2022.
             Was a Follower of Dithmenos.
             Slain by an orc
             ... wielding a +0 short sword
              (5 damage)
             ... on level 3 of the Dungeon.
             The game lasted 00:06:56 (3372 turns).

firemarshallily the Charlatan (Gnoll Wanderer)      Turns: 3372, Time: 00:06:57

Health: -2/34      AC:  3    Str: 11    XL:     4   Next: 92%
Magic:  11/11      EV: 12    Int: 12    God:    Dithmenos [*.....]
Gold:   101        SH:  0    Dex: 13    Spells: 12/13 levels left

rFire   . . .      SeeInvis .   a - +0 dagger (vorpal)
rCold   . . .      Faith    .   k - orb {mayhem}
rNeg    . . .      Spirit   .   d - +0 robe
rPois   .          Reflect  .   (no helmet)
rElec   .          Harm     .   (no cloak)
rCorr   .          Rampage  .   (no gloves)
Will    .....                   h - +0 pair of boots
Stlth   ++........              (no amulet)
HPRegen 0.11/turn               (no ring)
MPRegen 0.12/turn               (no ring)

@: wreathed by umbra
A: fangs 1, strong nose, distributed training
a: Renounce Religion


You were on level 3 of the Dungeon.
You worshipped Dithmenos.
Dithmenos was aware of your devotion.
You visited 1 branch of the dungeon, and saw 3 of its levels.

You collected 101 gold pieces.

Inventory:

Hand Weapons
 a - a +0 vorpal dagger (weapon)
Missiles
 b - 2 curare-tipped darts (quivered)
 e - 45 stones
Armour
 d - a +0 robe (worn)
 h - a +0 pair of boots (worn)
 k - an orb of mayhem (worn)
 l - a +0 ring mail
Jewellery
 m - a ring of fire
Scrolls
 g - 2 scrolls of fog {unknown}
 j - 3 scrolls of identify {unknown}
Potions
 f - a potion of brilliance {unknown}
 i - a potion of curing {unknown}
Miscellaneous
 c - a piece from Xom's chessboard (15/15)


   Skills:
 + Level 2.8 Fighting
 + Level 1.2 Short Blades
 + Level 1.2 Long Blades
 + Level 1.2 Axes
 + Level 1.2 Maces & Flails
 + Level 1.2 Polearms
 + Level 1.2 Staves
 + Level 1.2 Slings
 + Level 1.2 Bows
 + Level 1.2 Crossbows
 + Level 4.7 Throwing
 + Level 1.2 Armour
 + Level 1.2 Dodging
 + Level 1.2 Stealth
 + Level 1.2 Shields
 + Level 1.2 Unarmed Combat
 + Level 5.1 Spellcasting
 + Level 1.0 Conjurations
 + Level 1.0 Hexes
 + Level 1.0 Summonings
 + Level 1.0 Necromancy
 + Level 1.0 Translocations
 + Level 1.0 Transmutations
 + Level 1.0 Fire Magic
 + Level 1.0 Ice Magic
 + Level 1.0 Air Magic
 + Level 1.0 Earth Magic
 + Level 3.9 Poison Magic
 + Level 1.4 Invocations
 + Level 6.6 Evocations


You had 12 spell levels left.
You knew the following spells:

 Your Spells              Type           Power      Damage    Failure   Level
a - Sting                 Tmut/Pois      36%        1d4       7%          1

Your spell library contained the following spells:

 Spells                   Type           Power      Damage    Failure   Level
 Spider Form              Tmut/Pois      9%         N/A       22%         3


Dungeon Overview and Level Annotations

Branches:
Dungeon (3/15)

Altars:
Dithmenos

Annotations:
D:3 2 transporters


Innate Abilities, Weirdness & Mutations

You have very sharp teeth.
Your uncanny sense of smell can sniff out nearby items.
Your experience applies equally to all skills.


Message History

Things that are here:
a +0 dagger; an orc corpse The orc closely misses you.
You hit the orc but do no damage.
The orc is heavily wounded.
The orc closely misses you.
You hit the orc but do no damage.
The orc is heavily wounded.
The orc hits you with a +0 short sword! The orc hits you with a +0 short sword.
You hit the orc but do no damage. Your bite misses the orc.
The orc is heavily wounded.
The orc closely misses you.
You barely miss the orc.
The orc is heavily wounded.
The orc hits you with a +0 short sword! The orc barely misses you.
You hit the orc but do no damage. Your bite misses the orc.
The orc is heavily wounded.
The orc closely misses you.
You closely miss the orc.
The orc is heavily wounded.
The orc closely misses you.
You closely miss the orc.
The orc is heavily wounded.
The orc hits you with a +0 short sword. x2
* * * LOW HITPOINT WARNING * * *
You closely miss the orc. Your bite misses the orc.
The orc is heavily wounded.
The orc hits you with a +0 short sword!
* * * LOW HITPOINT WARNING * * *
You closely miss the orc.
The orc is heavily wounded.
The orc misses you. The orc closely misses you.
Okay, then.
You hit the orc but do no damage.
The orc is heavily wounded.
The orc barely misses you.
You barely miss the orc.
The orc is heavily wounded.
The orc hits you with a +0 short sword.
You die...

#.# ..# #.#
..# #># ...
### #.# ####
#.. #... #.#
#.#. #o# #.#.
#@#
###########.#.
#.#
#.............
#.#
#.############
#.# #.#
#)###.#
#.....#
#####.# #.#
###


You could see a neutral orc (fast, strong, insane).

Vanquished Creatures
  An orc wizard (D:3)
  2 adders (D:2)
  A worm (D:3)
  3 dart slugs
  4 orcs (D:3)
  A ball python (D:1)
  4 endoplasms
  4 giant cockroaches
  6 hobgoblins (D:1)
  A bat (D:1)
  3 frilled lizards
  2 goblins (D:1)
  5 kobolds
  3 rats (D:1)
40 creatures vanquished.

Vanquished Creatures (collateral kills)
  An adder (D:3)
  4 orcs (D:3)
  A goblin (D:3)
6 creatures vanquished.

Grand Total: 46 creatures vanquished

Notes
Turn   | Place    | Note
-------+----------+-------------------------------------------
     0 | D:1      | firemarshallily the Gnoll Wanderer began the quest for the
                  | Orb.
     0 | D:1      | firemarshallily set off with the following items: a +0
                  | vorpal dagger, 2 curare-tipped darts, a piece from Xom's
                  | chessboard (15/15), a +0 robe; and the following spell
                  | memorised: Sting; and the following spells available to
                  | memorise: Spider Form
     0 | D:1      | Reached XP level 1. HP: 17/17 MP: 6/6
   613 | D:1      | Reached XP level 2. HP: 23/23 MP: 7/7
  1203 | D:1      | Found a faded altar of an unknown god.
  1206 | D:1      | Prayed at the altar of an unknown god.
  1206 | D:1      | Became a worshipper of Dithmenos the Shadowed
  1206 | D:1      | Reached * piety under Dithmenos
  1234 | D:1      | Reached XP level 3. HP: 22/28 MP: 9/9
  1242 | D:1      | Reached skill level 5 in Spellcasting
  2041 | D:2      | Reached skill level 1 in Invocations
  2238 | D:2      | Reached skill level 1 in Short Blades
  2238 | D:2      | Reached skill level 1 in Long Blades
  2238 | D:2      | Reached skill level 1 in Axes
  2238 | D:2      | Reached skill level 1 in Maces & Flails
  2238 | D:2      | Reached skill level 1 in Polearms
  2238 | D:2      | Reached skill level 1 in Staves
  2238 | D:2      | Reached skill level 1 in Slings
  2238 | D:2      | Reached skill level 1 in Bows
  2238 | D:2      | Reached skill level 1 in Crossbows
  2238 | D:2      | Reached skill level 1 in Armour
  2238 | D:2      | Reached skill level 1 in Dodging
  2238 | D:2      | Reached skill level 1 in Stealth
  2238 | D:2      | Reached skill level 1 in Shields
  2238 | D:2      | Reached skill level 1 in Unarmed Combat
  2358 | D:2      | Reached XP level 4. HP: 34/34 MP: 11/11
  2753 | D:3      | Found a transporter.
  2763 | D:3      | Found a transporter.
  2798 | D:3      | Reached skill level 1 in Conjurations
  2798 | D:3      | Reached skill level 1 in Hexes
  2798 | D:3      | Reached skill level 1 in Summonings
  2798 | D:3      | Reached skill level 1 in Necromancy
  2798 | D:3      | Reached skill level 1 in Translocations
  2798 | D:3      | Reached skill level 1 in Transmutations
  2798 | D:3      | Reached skill level 1 in Fire Magic
  2798 | D:3      | Reached skill level 1 in Ice Magic
  2798 | D:3      | Reached skill level 1 in Air Magic
  2798 | D:3      | Reached skill level 1 in Earth Magic
  3372 | D:3      | Slain by an orc

Illustrated notes

Levels and vault maps discovered:
D:1:      dpeg_arrival_boxorama, layout_basic,
          hellmonk_ecumenical_altar_inner_sanctum
D:2:      layout_basic, minmay_tromino_v4_a
D:3:      gammafunk_steamed_eel, layout_basic, minmay_misc_feat_cross

Skill      XL: |  1  2  3  4 |
---------------+-------------+-----
Spellcasting   | 5 |  5.1
Invocations    | 1 |  1.4
Short Blades   | 1 |  1.2
Long Blades    | 1 |  1.2
Axes           | 1 |  1.2
Maces & Flails | 1 |  1.2
Polearms       | 1 |  1.2
Staves         | 1 |  1.2
Slings         | 1 |  1.2
Bows           | 1 |  1.2
Crossbows      | 1 |  1.2
Armour         | 1 |  1.2
Dodging        | 1 |  1.2
Stealth        | 1 |  1.2
Shields        | 1 |  1.2
Unarmed Combat | 1 |  1.2
Conjurations   | 1 |  1.0
Hexes          | 1 |  1.0
Summonings     | 1 |  1.0
Necromancy     | 1 |  1.0
Translocations | 1 |  1.0
Transmutations | 1 |  1.0
Fire Magic     | 1 |  1.0
Ice Magic      | 1 |  1.0
Air Magic      | 1 |  1.0
Earth Magic    | 1 |  1.0
Fighting       | |  2.8
Throwing       | |  4.7
Poison Magic   | |  3.9
Evocations     | |  6.6

Action                   |  1- 3 |  4- 6 || total
-------------------------+-------+-------++-------
Melee: Dagger            |   142 |    46 ||   188
       Bite              |    13 |     3 ||    16
Evoke: Piece from Xom's  |     3 |       ||     3
 Stab: Sleeping          |     3 |     1 ||     4
       Petrifying        |     1 |       ||     1
Armor: Robe              |    26 |     6 ||    32
Dodge: Dodged            |    92 |    20 ||   112
